 Dungeon Crawl Stone Soup version 0.30.0-20-g3615ddf2f0 (webtiles) character file.

Game seed: 983436949605038808

107 qw the Chopper (level 4, -6/28 HPs)
             Began as a Gargoyle Fighter on May 29, 2023.
             Killed by divine providence
             ... invoked by an orc priest
              (14 damage)
             ... on level 3 of the Dungeon.
             The game lasted 00:01:11 (2132 turns).

qw the Chopper (Gargoyle Fighter)                   Turns: 2132, Time: 00:01:12

Health: -6/28      AC: 18    Str: 21    XL:     4   Next: 85%
Magic:  4/4        EV:  5    Int:  9    God:
Gold:   113        SH:  4    Dex:  9    Spells: 3/3 levels left

rFire   . . .        Y - +2 war axe
rCold   . . .        c - +0 buckler
rNeg    + + .        k - +0 plate armour
rPois   inf          (no helmet)
rElec   +            h - +1 cloak
rCorr   .            (no gloves)
SInv    .            a - +0 pair of boots
Will    .....        (no amulet) Stlth
                     i - ring of positive energy
HPRegen 0.24/turn    (no ring)
MPRegen 0.09/turn

%: no passive effects
@: no status effects
A: sickness immunity, AC +3, negative energy resistance 1, electricity
resistance, torment resistance 1, petrification resistance
a: no special abilities


You were on level 3 of the Dungeon.
You visited 1 branch of the dungeon, and saw 3 of its levels.

You collected 148 gold pieces.
You spent 35 gold pieces at shops.


Innate Abilities, Weirdness & Mutations

You are immune to sickness and miasma.
Your stone body is resilient. (AC +3)
You are immune to poison.
You resist negative energy. (rN+)
You are resistant to electric shocks. (rElec)
You are resistant to unholy torment.
You are immune to petrification.


   Skills:
 - Level 3.2 Fighting
 + Level 4.4 Axes
 - Level 3.2 Armour
 - Level 3.2 Shields


You had 3 spell levels left.
You didn't know any spells.
Your spell library was empty.

Inventory:

Hand Weapons
 b - a +0 flail
 Y - a +2 war axe (weapon)
Armour
 a - a +0 pair of boots (worn)
 c - a +0 buckler (worn)
 h - a +1 cloak (worn)
 k - a +0 plate armour (worn)
Jewellery
 i - a ring of positive energy (left hand)
Scrolls
 f - a scroll of silence {unknown}
 l - 2 scrolls of butterflies {unknown}
 n - a scroll of fog {unknown}
Potions
 d - 3 potions of might
 e - a potion of curing
 g - a potion of cancellation
 j - a potion of heal wounds {unknown}
 m - 2 potions of mutation {unknown}

Dungeon Overview and Level Annotations

Branches:
Dungeon (3/15)

Altars:

Shops:
D:2 (


Message History

Enter note:
Enter note:
Enter note:
Enter note: You start waiting.
An orc priest is nearby!
You barely miss the orc priest.
The orc priest begins to cast a cantrip, but forgets the words!
You hit the orc priest but do no damage.
The orc priest calls down the wrath of Beogh upon you.
Beogh smites you!
You completely miss the orc priest.
The orc priest hits you but does no damage.
The orc priest looks encouraged for a moment.
You barely miss the orc priest. The orc priest hits you with a +0 club.
You barely miss the orc priest. The orc priest barely misses you.
You barely miss the orc priest.
The orc priest hits you but does no damage.
The orc priest invokes the aid of Beogh against you.
Beogh smites you!
You barely miss the orc priest.
The orc priest hits you but does no damage.
You slash the orc priest!
The orc priest is heavily wounded.
The orc priest hits you but does no damage.
You hit the orc priest but do no damage.
The orc priest is heavily wounded.
The orc priest hits you but does no damage.
You closely miss the orc priest.
The orc priest is heavily wounded.
The orc priest casts a cantrip, but nothing happens.
The orc priest barely misses you.
You barely miss the orc priest.
The orc priest is heavily wounded.
The orc priest invokes the aid of Beogh against you.
Beogh smites you!
Ouch! That really hurt!
You die...

...####......## ....
........##..## ....
........##.## .....
........##.######
.$.?.
..........(.#...
.... #.......###...#
#..#
#........##...###.$#
#.................#
#............##@###
#..............o.#
........###.##...#
######### #.##...#
#.#......
#.#.##..... #.#.
.<..o. #.#. ......
#.#. #...?.


You could see an orc priest.

Vanquished Creatures
  4 adders
  2 worms (D:2)
  A dart slug (D:1)
  8 endoplasms
  3 giant cockroaches
  11 goblins
  A hobgoblin (D:1)
  3 jackals (D:2)
  2 kobolds
  6 ball pythons
  7 bats
  4 frilled lizards
  6 rats
58 creatures vanquished.

Notes
Turn   | Place    | Note
-------+----------+-------------------------------------------
     0 | D:1      | qw the Gargoyle Fighter began the quest for the Orb.
     0 | D:1      | Reached XP level 1. HP: 14/14 MP: 1/1
     0 | D:1      | 0 ||| qw: Version: 0.2-a-102-g2b76a06
     0 | D:1      | 0 ||| qw: Game counter: 409
     0 | D:1      | 0 ||| qw: Always use a shield: true
     0 | D:1      | 0 ||| qw: God list: Okawaru
     0 | D:1      | 0 ||| qw: Allow faded altars: false
     0 | D:1      | 0 ||| qw: Do Orc after D:15 true
     0 | D:1      | 0 ||| qw: Do second Lair branch before Depths: true
     0 | D:1      | 0 ||| qw: Lair rune preference: random
     0 | D:1      | 0 ||| qw: Plans: Normal, Zot:1-4, Slime:5, God:TSO, Crypt,
                  | Tomb, Pan, Hells, Abyss, Win
     0 | D:1      | 0 ||| PLANNING D:1-11
    20 | D:1      | Reached skill level 2 in Axes
    77 | D:1      | Reached XP level 2. HP: 19/19 MP: 2/2
   409 | D:1      | Reached skill level 3 in Axes
   467 | D:1      | 467 ||| Stepping ~*~*~tactically~*~*~ (stealth).
   472 | D:1      | Reached XP level 3. HP: 23/23 MP: 3/3
   655 | D:1      | Found a faded altar of an unknown god.
   900 | D:1      | 900 ||| UPGRADING to +0 plate armour.
   910 | D:1      | 910 ||| DROPPING +0 scale mail.
   911 | D:1      | 911 ||| DROPPING ring of magical power.
   912 | D:1      | 912 ||| READING scroll labelled WEBRAS NOMPOWE.
   913 | D:1      | 913 ||| READING scroll labelled JOJOURATTAU.
   914 | D:1      | 914 ||| READING scroll labelled POCOYDIAMP.
   915 | D:1      | 915 ||| DRINKING 2 sapphire potions.
   916 | D:1      | 916 ||| DRINKING 2 pink potions.
   946 | D:2      | 946 ||| Stepping ~*~*~tactically~*~*~ (stealth).
  1165 | D:2      | Found Suit Ilu's Weapon Emporium.
  1173 | D:2      | 1173 ||| BUYING +0 flail (35 gold).
  1173 | D:2      | Bought a +0 flail for 35 gold pieces
  1173 | D:2      | 1173 ||| DROPPING +0 club.
  1181 | D:2      | 1181 ||| READING scroll of enchant weapon.
  1181 | D:2      | 1181 ||| ENCHANTING +1 war axe.
  1426 | D:2      | Reached XP level 4. HP: 28/28 MP: 4/4
  1557 | D:2      | Reached skill level 4 in Axes
  1581 | D:2      | 1581 ||| Stepping ~*~*~tactically~*~*~ (stealth).
  1908 | D:2      | 1908 ||| UPGRADING to +0 pair of boots.
  1913 | D:2      | 1913 ||| UPGRADING to +1 cloak.
  1918 | D:2      | 1918 ||| UPGRADING to ring of positive energy.
  1919 | D:2      | 1919 ||| READING scroll labelled IROMEAG KUON RAI.
  2116 | D:3      | 2116 ||| Stepping ~*~*~tactically~*~*~ (hiding).
  2118 | D:3      | 2118 ||| Stepping ~*~*~tactically~*~*~ (hiding).
  2127 | D:3      | HP: 6/28 [orc priest/divine providence (10)]
  2132 | D:3      | Killed from afar by an orc priest

Levels and vault maps discovered:
D:1:      dpeg_arrival_boxes_within_box, layout_basic,
          shapermc_ecumenical_altar_acropolis
D:2:      layout_loops_corners, serial_shops, shop
D:3:      layout_rooms, kennysheep_generic_room_3

Skill      XL: |  1  2  3  4 |
---------------+-------------+-----
Axes           | 2 3 4 |  4.4
Fighting       | |  3.2
Armour         | |  3.2
Shields        | |  3.2

Action                     |  1- 3 |  4- 6 || total
---------------------------+-------+-------++-------
  Melee: War axe           |   115 |    62 ||   177
    Use: Scroll            |     4 |     1 ||     5
         Potion            |     2 |       ||     2
 Armour: Scale mail        |    31 |       ||    31
         Plate armour      |    31 |    34 ||    65
  Dodge: Dodged            |    41 |    17 ||    58
  Block: Buckler           |    18 |     9 ||    27

Table legend:
 A = Non-vault XP
 B = Vault XP
 C = Vault XP percentage of total XP
 D = Non-vault monster count
 E = Vault monster count
 F = Vault count percentage of total count
                 A         B        C        D         E       F
            +---------+---------+-------+---------+---------+-------
      Total |     153 |       0 |   0.0 |      58 |       0 |   0.0
            +---------+---------+-------+---------+---------+-------
        D:1 |      46 |       0 |   0.0 |      28 |       0 |   0.0
        D:2 |      73 |       0 |   0.0 |      24 |       0 |   0.0
        D:3 |      34 |       0 |   0.0 |       6 |       0 |   0.0
            +---------+---------+-------+---------+---------+-------
